MLB
NEW YORK METS @ TEXAS RANGERS
06/03/2040
 
TOP OF THE 1ST
New York Mets batting - Pitching for Texas Rangers : LHP Ramon Araya
Pitching: LHP Ramon Araya
Batting: RHB Jean-Christophe Rausa 0-0: Fly out, F7 (Line Drive, 78M, EV 92.5 MPH)
Batting: LHB D.J. Winger 0-0: Foul Ball, location: 2F
0-1: Fly out, F8 (Flyball, 8RD, EV 86.3 MPH)
Batting: RHB Christos Lipinski 0-0: Fly out, F8 (Flyball, 8LM, EV 98.1 MPH)
Top of the 1st over - 0 runs, 0 hits, 0 errors, 0 left on base; New York 0 - Texas 0
BOTTOM OF THE 1ST
Texas Rangers batting - Pitching for New York Mets : LHP J.J. McNamee
Pitching: LHP J.J. McNamee
Batting: RHB Frank Moraine 0-0: Ball
1-0: Ball
2-0: Ball
3-0: Called Strike
3-1: Called Strike
3-2: Foul Ball, location: 2F
3-2: TRIPLE (Flyball, 9D, EV 100.6 MPH)
Batting: RHB Rodrigo Maradiaga 0-0: Ball
1-0: Called Strike
1-1: Hit by Pitch
Batting: LHB Dan Kelley 0-0: Ball
1-0: Ball
2-0: Ball
3-0: Called Strike
3-1: Called Strike
3-2: Strikes out swinging
Batting: RHB Jim Fleming 0-0: Called Strike
0-1: Ball
1-1: Foul Ball, location: 3FF
1-2: Ball
2-2: Fly out, F4 (Line Drive, 4, EV 67.5 MPH)
Batting: RHB Jaylen Keal 0-0: SINGLE (Groundball, 56D, EV 102.5 MPH)
Frank Moraine scores
Rodrigo Maradiaga to second
Batting: RHB David Sallas 0-0: Swinging Strike
0-1: Ball
1-1: Fly out, F8 (Line Drive, 8LD, EV 108.1 MPH)
Bottom of the 1st over - 1 run, 2 hits, 0 errors, 2 left on base; New York 0 - Texas 1
TOP OF THE 2ND
New York Mets batting - Pitching for Texas Rangers : LHP Ramon Araya
Batting: RHB Rodolfo Delgadillo 0-0: SINGLE (Line Drive, 7S, EV 106.9 MPH)
Batting: RHB Billy Ruiz 0-0: Swinging Strike
0-1: Called Strike
0-2: Ball
1-2: Ball
Wild Pitch!
Rodolfo Delgadillo to second
2-2: Strikes out swinging
Batting: RHB Ben Long 0-0: Called Strike
0-1: Swinging Strike
0-2: Foul Ball, location: 5FF
0-2: Ball
1-2: Strikes out swinging
Batting: RHB Greg Spencer 0-0: Ball
1-0: Ball
2-0: Fly out, F3 (Popup, 3L, EV 63.1 MPH)
Top of the 2nd over - 0 runs, 1 hit, 0 errors, 1 left on base; New York 0 - Texas 1
BOTTOM OF THE 2ND
Texas Rangers batting - Pitching for New York Mets : LHP J.J. McNamee
Batting: RHB Eric Parr 0-0: Ball
1-0: Ground out 4-3 (Groundball, 4, EV 86.9 MPH)
Batting: RHB R.J. Shiffler 0-0: Ball
1-0: Ball
2-0: Ball
3-0: Called Strike
3-1: Base on Balls
Batting: LHB Alex Batista 0-0: Swinging Strike
0-1: Foul Ball, location: 3FF
0-2: Foul Ball, location: 2F
0-2: Ball
1-2: Foul Ball, location: 7LMF
1-2: Foul Ball, location: 2F
1-2: Ball
2-2: Fly out, F9 (Flyball, 89D, EV 98.1 MPH)
Batting: RHB Frank Moraine 0-0: Ball
1-0: Fly out, F9 (Line Drive, 9, EV 99.4 MPH)
Bottom of the 2nd over - 0 runs, 0 hits, 0 errors, 1 left on base; New York 0 - Texas 1
TOP OF THE 3RD
New York Mets batting - Pitching for Texas Rangers : LHP Ramon Araya
Batting: RHB Arturo Ayala 0-0: Ball
1-0: Called Strike
1-1: Swinging Strike
1-2: Foul Ball, location: 2F
1-2: Ground out 6-3 (Groundball, 6, EV 86.9 MPH)
Batting: RHB Danny Padilla 0-0: Ball
1-0: Called Strike
1-1: Ball
2-1: Swinging Strike
2-2: Strikes out swinging
Batting: RHB Jean-Christophe Rausa 0-0: Ball
1-0: Swinging Strike
1-1: Foul Ball, location: 9LMF
1-2: Strikes out swinging
Top of the 3rd over - 0 runs, 0 hits, 0 errors, 0 left on base; New York 0 - Texas 1
BOTTOM OF THE 3RD
Texas Rangers batting - Pitching for New York Mets : LHP J.J. McNamee
Batting: RHB Rodrigo Maradiaga 0-0: Called Strike
0-1: Foul Ball, location: 2F
0-2: Strikes out swinging
Batting: LHB Dan Kelley 0-0: Ball
1-0: Called Strike
1-1: Ball
2-1: Ground out 4-3 (Groundball, 34D, EV 106.3 MPH)
Batting: RHB Jim Fleming 0-0: Called Strike
0-1: Ground out 4-3 (Groundball, 4, EV 102.5 MPH)
Bottom of the 3rd over - 0 runs, 0 hits, 0 errors, 0 left on base; New York 0 - Texas 1
TOP OF THE 4TH
New York Mets batting - Pitching for Texas Rangers : LHP Ramon Araya
Batting: LHB D.J. Winger 0-0: Called Strike
0-1: Foul Ball, location: 5SF
0-2: Foul Ball, location: 2F
0-2: Foul Ball, location: 5SF
0-2: Ball
1-2: Ball
2-2: Foul Ball, location: 3FF
2-2: Ball
3-2: Strikes out swinging
Batting: RHB Christos Lipinski 0-0: Called Strike
0-1: Ball
1-1: SINGLE (Line Drive, 34D, EV 97.5 MPH)
Batting: RHB Rodolfo Delgadillo 0-0: Fly out, F7 (Flyball, 7LM, EV 88.8 MPH)
Batting: RHB Billy Ruiz 0-0: Swinging Strike
0-1: Ball
1-1: Called Strike
1-2: Strikes out swinging
Top of the 4th over - 0 runs, 1 hit, 0 errors, 1 left on base; New York 0 - Texas 1
BOTTOM OF THE 4TH
Texas Rangers batting - Pitching for New York Mets : LHP J.J. McNamee
Batting: RHB Jaylen Keal 0-0: SINGLE (Line Drive, 34, EV 98.8 MPH)
Batting: RHB David Sallas 0-0: Ball
1-0: Ball
2-0: Grounds into double play, 6-4-3 (Groundball, 6, EV 83.1 MPH)
Batting: RHB Eric Parr 0-0: Ball
1-0: Swinging Strike
1-1: Ball
2-1: Swinging Strike
2-2: Ball
3-2: Base on Balls
Batting: RHB R.J. Shiffler 0-0: Swinging Strike
0-1: Foul Ball, location: 5F
0-2: Ball
1-2: Foul Ball, location: 2F
1-2: Ball
2-2: Fly out, F9 (Flyball, 89M, EV 89.4 MPH)
Bottom of the 4th over - 0 runs, 1 hit, 0 errors, 1 left on base; New York 0 - Texas 1
TOP OF THE 5TH
New York Mets batting - Pitching for Texas Rangers : LHP Ramon Araya
Batting: RHB Ben Long 0-0: Swinging Strike
0-1: Foul Ball, location: 9LSF
0-2: Fly out, F4 (Popup, 34D, EV 68.8 MPH)
Batting: RHB Greg Spencer 0-0: Ball
1-0: Ball
2-0: Ball
3-0: Called Strike
3-1: Swinging Strike
3-2: Strikes out swinging
Batting: RHB Arturo Ayala 0-0: Ball
1-0: Called Strike
1-1: Swinging Strike
1-2: Foul Ball, location: 2F
1-2: Strikes out swinging
Top of the 5th over - 0 runs, 0 hits, 0 errors, 0 left on base; New York 0 - Texas 1
BOTTOM OF THE 5TH
Texas Rangers batting - Pitching for New York Mets : LHP J.J. McNamee
Batting: LHB Alex Batista 0-0: Hit by Pitch
Batting: RHB Frank Moraine 0-0: Bunt missed!
0-1: Bunt missed!
0-2: Ball
1-2: Ball
2-2: Strikes out swinging
Batting: RHB Rodrigo Maradiaga 0-0: Ball
1-0: Called Strike
1-1: Ball
2-1: Ball
3-1: Called Strike
3-2: Foul Ball, location: 2F
3-2: Foul Ball, location: 2F
3-2: Foul Ball, location: 9LDF
3-2: Base on Balls
Alex Batista to second
Batting: LHB Dan Kelley 0-0: Ball
1-0: Ball
2-0: Ball
3-0: Called Strike
3-1: Foul Ball, location: 2F
3-2: Strikes out swinging
Pitching: RHP Ben Mazur
Batting: RHB Jim Fleming 0-0: Ball
1-0: Ball
2-0: Ball
3-0: Called Strike
3-1: Base on Balls
Alex Batista to third
Rodrigo Maradiaga to second
Batting: RHB Jaylen Keal 0-0: Foul Ball, location: 9LDF
0-1: Ball
1-1: Foul Ball, location: 5FF
1-2: Ball
2-2: SINGLE (Groundball, 4MD, EV 101.9 MPH)
Alex Batista scores
Rodrigo Maradiaga to third
Jim Fleming to second
Runner from 3rd tries for Home, SAFE, throw by CF to home
Batting: RHB David Sallas 0-0: Ball
1-0: Ball
2-0: Called Strike
2-1: Ball
3-1: Called Strike
3-2: Base on Balls
Jim Fleming to third
Jaylen Keal to second
Batting: RHB Eric Parr 0-0: Called Strike
0-1: Foul Ball, location: 2F
0-2: Foul Ball, location: 3DF
0-2: Ball
1-2: Foul Ball, location: 2F
1-2: Ball
2-2: Ball
3-2: Base on Balls
Jim Fleming scores
Jaylen Keal to third
David Sallas to second
Batting: RHB R.J. Shiffler 0-0: Called Strike
0-1: Ball
1-1: Ball
2-1: Foul Ball, location: 3DF
2-2: Ball
3-2: Base on Balls
Jaylen Keal scores
David Sallas to third
Eric Parr to second
Pitching: LHP Doug Bogan
Batting: LHB Alex Batista 0-0: Ball
1-0: Fly out, F8 (Flyball, 8LM, EV 94.4 MPH)
Bottom of the 5th over - 4 runs, 1 hit, 0 errors, 3 left on base; New York 0 - Texas 5
TOP OF THE 6TH
New York Mets batting - Pitching for Texas Rangers : LHP Ramon Araya
Batting: RHB Danny Padilla 0-0: Ball
1-0: Foul Ball, location: 2F
1-1: Ball
2-1: Swinging Strike
2-2: Foul Ball, location: 2LF
2-2: Strikes out swinging
Batting: RHB Jean-Christophe Rausa 0-0: Called Strike
0-1: Foul Ball, location: 25FF
0-2: SINGLE (Groundball, 4MS, EV 63.1 MPH) (infield hit)
Batting: LHB D.J. Winger 0-0: Foul Ball, location: 25F
0-1: Ground out 6-3 (Groundball, 4, EV 105.6 MPH)
Jean-Christophe Rausa to second
Batting: RHB Christos Lipinski 0-0: Fly out, F8 (Flyball, 8LM, EV 87.5 MPH)
Top of the 6th over - 0 runs, 1 hit, 0 errors, 1 left on base; New York 0 - Texas 5
BOTTOM OF THE 6TH
Texas Rangers batting - Pitching for New York Mets : LHP Doug Bogan
Batting: RHB Frank Moraine 0-0: Swinging Strike
0-1: Swinging Strike
0-2: Ball
1-2: Ball
2-2: Ball
3-2: Strikes out swinging
Batting: RHB Rodrigo Maradiaga 0-0: Ball
1-0: Ball
2-0: Foul Ball, location: 5F
2-1: Foul Ball, location: 2F
2-2: DOUBLE (Line Drive, 5D, EV 99.4 MPH)
Batting: LHB Dan Kelley 0-0: Fly out, F8 (Line Drive, 8RD, EV 90.0 MPH)
Batting: RHB Jim Fleming 0-0: Fly out, F7 (Flyball, 78M, EV 96.3 MPH)
Bottom of the 6th over - 0 runs, 1 hit, 0 errors, 1 left on base; New York 0 - Texas 5
TOP OF THE 7TH
New York Mets batting - Pitching for Texas Rangers : LHP Ramon Araya
Batting: RHB Rodolfo Delgadillo 0-0: Ball
1-0: Foul Ball, location: 2F
1-1: Ball
2-1: Foul Ball, location: 5SF
2-2: Fly out, F2 (Popup, 2LF, EV 93.1 MPH)
Batting: RHB Billy Ruiz 0-0: Fly out, F8 (Flyball, 8RD, EV 95.0 MPH)
Batting: RHB Ben Long 0-0: Ball
1-0: Called Strike
1-1: Called Strike
1-2: Strikes out swinging
Top of the 7th over - 0 runs, 0 hits, 0 errors, 0 left on base; New York 0 - Texas 5
BOTTOM OF THE 7TH
Texas Rangers batting - Pitching for New York Mets : LHP Doug Bogan
Pitching: RHP Luis de la Cruz
Batting: RHB Jaylen Keal 0-0: Ball
1-0: Called Strike
1-1: Called Strike
1-2: Foul Ball, location: 7LMFF
1-2: Strikes out swinging
Batting: RHB David Sallas 0-0: Called Strike
0-1: Ball
1-1: Ball
2-1: Ball
3-1: Called Strike
3-2: Base on Balls
Batting: RHB Eric Parr 0-0: Grounds into double play, 6-4-3 (Groundball, 6, EV 101.9 MPH)
Bottom of the 7th over - 0 runs, 0 hits, 0 errors, 0 left on base; New York 0 - Texas 5
TOP OF THE 8TH
New York Mets batting - Pitching for Texas Rangers : LHP Ramon Araya
Batting: RHB Greg Spencer 0-0: Called Strike
0-1: Foul Ball, location: 2F
0-2: DOUBLE (Line Drive, 9LD, EV 106.9 MPH)
Batting: RHB Arturo Ayala 0-0: Called Strike
0-1: SINGLE (Line Drive, 7LS, EV 103.8 MPH)
Greg Spencer to third
Batting: RHB Danny Padilla 0-0: Ball
1-0: Foul Ball, location: 9LMF
1-1: Ball
2-1: Fly out, F2 (Popup, 3SF, EV 81.9 MPH)
Batting: RHB Jean-Christophe Rausa 0-0: Ball
1-0: DOUBLE (Flyball, 8LXD, EV 107.5 MPH)
Greg Spencer scores
Arturo Ayala to third
Runner from 3rd tries for Home, SAFE, no throw by CF
Batting: LHB D.J. Winger 0-0: Ball
1-0: Ball
2-0: Called Strike
2-1: SINGLE (Flyball, 3D, EV 93.8 MPH)
Jean-Christophe Rausa to third
Batting: RHB Christos Lipinski 0-0: Ground out 5-3 (Groundball, 56S, EV 88.1 MPH)
Jean-Christophe Rausa scores
D.J. Winger to second
Batting: RHB Rodolfo Delgadillo 0-0: Ball
1-0: Ball
2-0: Fly out, F7 (Line Drive, 78M, EV 92.5 MPH)
Top of the 8th over - 3 runs, 4 hits, 0 errors, 1 left on base; New York 3 - Texas 5
BOTTOM OF THE 8TH
Texas Rangers batting - Pitching for New York Mets : RHP Luis de la Cruz
Batting: RHB R.J. Shiffler 0-0: Ball
1-0: Called Strike
1-1: Foul Ball, location: 3F
1-2: DOUBLE (Line Drive, 9LD, EV 107.5 MPH)
Batting: LHB Alex Batista 0-0: Intentional Walk
Batting: RHB Frank Moraine 0-0: Ball
1-0: Called Strike
1-1: Ball
Wild Pitch!
R.J. Shiffler to third
Alex Batista to second
2-1: Swinging Strike
2-2: Ball
3-2: Fielders Choice at home, 3-2 (Groundball, 34S, EV 81.3 MPH)
Alex Batista to third
Batting: RHB Rodrigo Maradiaga 0-0: Called Strike
0-1: Ball
Frank Moraine steals 2nd base
1-1: Swinging Strike
1-2: Foul Ball, location: 2F
1-2: Ball
2-2: Ground out 5-3 (Groundball, 5S, EV 69.4 MPH)
Batting: LHB Dan Kelley 0-0: Called Strike
0-1: Ball
1-1: Ground out 1-3 (Groundball, 13S, EV 66.9 MPH)
Bottom of the 8th over - 0 runs, 1 hit, 0 errors, 2 left on base; New York 3 - Texas 5
TOP OF THE 9TH
New York Mets batting - Pitching for Texas Rangers : LHP Ramon Araya
Pitching: RHP Leonardo Gomez
Now at SS: Andy Reynolds
Now in LF: Frank Moraine
Batting: RHB Billy Ruiz 0-0: Swinging Strike
0-1: Ball
1-1: Ball
2-1: Called Strike
2-2: Strikes out swinging
Batting: RHB Ben Long 0-0: Ball
1-0: Called Strike
1-1: Ball
2-1: Fly out, F3 (Popup, 3S, EV 71.3 MPH)
Batting: RHB Greg Spencer 0-0: Ball
1-0: Called Strike
1-1: Foul Ball, location: 5F
1-2: Strikes out looking
Top of the 9th over - 0 runs, 0 hits, 0 errors, 0 left on base; New York 3 - Texas 5
Thursday, May 30th , 2024 - OOTP Baseball 24.10 Build 82